 Seeded DCSS version 0.30-a0-219-gf2db51d15e (webtiles) character file.

Game seed: 17459760139159223558 (custom seed)

219 Nerdsrcool the Conjurer (level 5, 0/39 HPs)
             Began as a Demigod Conjurer on Oct 7, 2022.
             Slain by an orc
             ... wielding a +0 flail
              (7 damage)
             ... on level 4 of the Dungeon.
             The game lasted 00:18:55 (3677 turns).

Nerdsrcool the Conjurer (Demigod Conjurer)          Turns: 3677, Time: 00:18:56

Health: 0/39       AC:  9    Str:  4 (6)  XL:     5   Next: 36%
Magic:  5/11       EV:  7    Int: 26 (28) God:
Gold:   135        SH:  8    Dex: 18 (19) Spells: 5/8 levels left

rFire   . . .      SeeInvis .    i - +0 mace of Utoev {protect, rPois Str-2 Int+4 Dex+7}
rCold   + . .      Faith    .    j - +0 kite shield
rNeg    . . .      Spirit   .    g - +1 ring mail
rPois   +          Reflect  .    (no helmet)
rElec   .          Harm     .    (no cloak)
rCorr   .          Rampage  .    k - +2 pair of gloves
Will    .....                    (no boots)
Stlth   +.........               (no amulet)
HPRegen 0.26/turn                r - ring of protection from cold
MPRegen 0.12/turn                (no ring)

@: no status effects
A: high MP 1, forlorn, divine attributes
a: no special abilities


You were on level 4 of the Dungeon.
You visited 1 branch of the dungeon, and saw 4 of its levels.

You collected 135 gold pieces.

Inventory:

Hand Weapons
 d - a +1 dagger
 i - the +0 mace of Utoev (weapon) {protect, rPois Str-2 Int+4 Dex+7}
   (You found it on level 2 of the Dungeon)

   It grants its wielder temporary protection when it strikes (+7 to AC).
   Str:       It affects your strength (-2).
   Int:       It affects your intelligence (+4).
   Dex:       It affects your dexterity (+7).
   rPois:     It protects you from poison.
 p - a +4 dagger
Missiles
 e - 51 stones
Armour
 a - a +0 scale mail
 g - a +1 ring mail (worn)
 j - a +0 kite shield (worn)
 k - a +2 pair of gloves (worn)
Jewellery
 o - the ring of Deomuegh {rF+ MP+9 Stlth+}
   (You found it on level 3 of the Dungeon)

   [ring of magical power]

   rF:        It protects you from fire.
   MP:        It affects your magic capacity (+9).
   Stlth:     It makes you more stealthy.
 r - a ring of protection from cold (left hand)
Scrolls
 f - a scroll of blinking {unknown}
 n - 3 scrolls of noise
Potions
 b - a potion of magic
 c - 3 potions of attraction
 h - 2 potions of haste
 m - 2 potions of degeneration


   Skills:
 + Level 0.5 Fighting
 + Level 1.0 Short Blades
 + Level 1.2 Maces & Flails
 + Level 1.5 Armour
 + Level 2.9 Dodging
 + Level 1.8 Stealth
 + Level 2.4 Spellcasting
 + Level 4.5 Conjurations


You had 5 spell levels left.
You knew the following spells:

 Your Spells              Type           Power      Damage    Failure   Level
a - Magic Dart            Conj           100%       1d8       32%         1
b - Searing Ray           Conj           52%        2d6       43%         2

Your spell library contained the following spells:

 Spells                   Type           Power      Damage    Failure   Level
 Dazzling Flash           Conj/Hex       30%        N/A       94%         3
 Fulminant Prism          Conj/Hex       7%         3d7       100%        4
 Iskenderun's Mystic Bla  Conj/Tloc      15%        2d5       100%        4


Dungeon Overview and Level Annotations

Branches:
Dungeon (4/15)
 Temple: D:4-7


Innate Abilities, Weirdness & Mutations

You have an increased reservoir of magic. (+10% MP)
You shall have no god before yourself.
Your divine heritage dramatically boosts your attributes as you level up.


Message History

The orc hits you but does no damage. Something hits you but does no damage.
You hit the orc but do no damage.
The orc is heavily wounded.
The orc hits you but does no damage. Something hits you.
The orc hits you with a +0 flail. Something hits you but does no damage.
You hit the orc.
The orc is severely wounded.
The orc barely misses you. Something hits you but does no damage.
You block the orc's attack. Something completely misses you.
You closely miss the orc.
The orc is severely wounded.
You block the orc's attack.
You hear some strange, mumbled words.
A puff of flame appears from out of thin air!
The puff of flame hits you!
* * * LOW HITPOINT WARNING * * *
You miss something. The orc hits you but does no damage.
Something hits you but does no damage. The orc hits you but does no damage.
Something hits you but does no damage.
You hit the orc but do no damage.
The orc is severely wounded.
The orc hits you but does no damage.
You hear some strange, mumbled words.
A magic dart appears from out of thin air!
The magic dart hits you but does no damage.
Aiming: Magic Dart (safe; 32% risk of failure)
Press: ? - help, Q - select action, (/) - cycle Shift-Dir - straight line, f/p - orc
Aim: an orc, wielding a +0 flail and wearing a +0 scale mail (severely wounded, 100% to hit)
The magic dart hits the orc but does no damage.
The orc is severely wounded.
The orc hits you with a +0 flail.
* * * LOW HITPOINT WARNING * * *
You block something's attack.
Aiming: Magic Dart (safe; 32% risk of failure)
Press: ? - help, Q - select action, (/) - cycle Shift-Dir - straight line, f/p - orc
Aim: an orc, wielding a +0 flail and wearing a +0 scale mail (severely wounded, 100% to hit)
The magic dart hits the orc.
The orc is almost dead.
The orc hits you with a +0 flail!
You die...

##.#..#.##.####
##.###...##.####
#.## ##........#
#####.###...##.##.#
#......#....##.# #
#)#####.######..
#.# ### ####
#.#########
#{@........
#o#####.... #.. .
.... .#.##. #.#..
.# # #.. . ... #


You could see an orc.

Vanquished Creatures
  An orc priest (D:3)
  A jelly (D:4)
  An orc wizard (D:3)
  4 adders
  4 dart slugs
  6 orcs
  2 ball pythons (D:2)
  7 endoplasms
  3 giant cockroaches
  6 goblins
  7 hobgoblins
  6 jackals
  5 quokkas
  15 bats
  4 frilled lizards (D:2)
  7 kobolds
  5 rats
84 creatures vanquished.

Notes
Turn   | Place    | Note
-------+----------+-------------------------------------------
     0 | D:1      | Nerdsrcool the Demigod Conjurer began the quest for the
                  | Orb.
     0 | D:1      | Reached XP level 1. HP: 14/14 MP: 5/5
   364 | D:1      | Reached skill level 4 in Conjurations
   364 | D:1      | Reached XP level 2. HP: 18/20 MP: 1/7
  1119 | D:1      | Reached XP level 3. HP: 26/26 MP: 5/8
  1431 | D:2      | Identified the +0 mace of Utoev {protect, rPois Str-2 Int+4
                  | Dex+7}
  2247 | D:2      | Reached XP level 4. HP: 33/33 MP: 6/9
  2479 | D:3      | Reached skill level 1 in Short Blades
  2479 | D:3      | Reached skill level 1 in Armour
  2484 | D:3      | Reached skill level 1 in Maces & Flails
  2595 | D:3      | Learned a level 2 spell: Searing Ray
  2653 | D:3      | Reached XP level 5. HP: 39/39 MP: 8/11
  3077 | D:3      | Identified the ring of Deomuegh {rF+ MP+9 Stlth+}
  3677 | D:4      | Slain by an orc

Illustrated notes

Levels and vault maps discovered:
D:1:      shiori_arrival_oz, layout_loops_ring, serial_forest,
          infiniplex_forest_lined_3, infiniplex_forest_lined_3,
          infiniplex_forest_clump_medium, infiniplex_forest_straight_1,
          infiniplex_forest_corner_2, infiniplex_forest_pool,
          infiniplex_forest_straight_3, infiniplex_forest_corner_2
D:2:      layout_basic, hellmonk_ecumenical_altar_lost_god
D:3:      layout_loops_ring, mainiacjoe_overflow_alcove_1
D:4:      layout_loops_cross, grunt_dithmenos_smoke_and_mirrors,
          trog_antimagical, gammafunk_ghost_cemetery

Skill      XL: |  1  2  3  4 |
---------------+-------------+-----
Dodging        | 2 |  2.9
Conjurations   | 4 |  4.5
Spellcasting   | 2 |  2.4
Short Blades   | 1 |  1.0
Armour         | 1 |  1.5
Maces & Flails | 1 |  1.2
Fighting       | |  0.5
Stealth        | |  1.8

Action                   |  1- 3 |  4- 6 || total
-------------------------+-------+-------++-------
Melee: Dagger            |    49 |       ||    49
       Unarmed           |     7 |       ||     7
       Mace              |    58 |    84 ||   142
 Cast: Magic Dart        |    73 |    50 ||   123
       Searing Ray       |       |     1 ||     1
  Use: Scroll            |     3 |     5 ||     8
       Potion            |     2 |     2 ||     4
Armor: Ring mail         |    77 |    79 ||   156
       Robe              |     3 |       ||     3
Dodge: Dodged            |    94 |    44 ||   138
Block: Kite shield       |       |    32 ||    32

Table legend: (Time is in decaauts)
 A = Elapsed time spent in this place.
 B = Non-inter-level travel time spent in this place.
 C = Inter-level travel time spent in this place.
 D = Time resting spent in this place.
 E = Time spent auto-exploring this place.
 F = Levels seen in this place.
 G = Mean time per level.
                   A        B        C        D        E       F      G
               +--------+--------+--------+--------+--------+-----+--------+
         Total |   3736 |   3525 |    211 |     85 |   2569 |   4 |  934.0 |
       Dungeon |   3736 |   3525 |    211 |     85 |   2569 |   4 |  934.0 |
               +--------+--------+--------+--------+--------+-----+--------+

Top non-repeatable levels by time:
     D:1: 1340 daAuts
     D:3: 1095 daAuts
     D:2: 1030 daAuts
     D:4: 269 daAuts
